 Dungeon Crawl Stone Soup version 0.32-a0-876-gcfddb08 (webtiles) character file.

Game seed: 18310085299736773512

2657 Dorkslayer the Chopper (level 9, 0/61 HPs)
             Began as an Octopode Fighter on Mar 31, 2024.
             Slain by an orc wizard
             ... wielding a +0 dagger
              (5 damage)
             ... on level 6 of the Dungeon on Apr 1, 2024.
             The game lasted 00:18:41 (6027 turns).

Dorkslayer the Chopper (Octopode Fighter)           Turns: 6027, Time: 00:18:42

Health: 0/61       AC:  1    Str: 19    XL:     9   Next: 62%
Magic:  9/9        EV: 11    Int: 11    God:
Gold:   424        SH: 18    Dex: 14    Spells: 8/8 levels left

rFire   . . .        a - +0 war axe
rCold   . . .        n - +4 tower shield of Polish {Dex+3}
rNeg    + . .        (helmet restricted)
rPois   .            (no amulet)
rElec   .            s - ring of willpower
rCorr   .            v - ring of positive energy
SInv    .            (no ring)
Will    +....        (no ring)
Stlth   ++++         (no ring)
HPRegen 0.30/turn    (no ring)
MPRegen 0.11/turn    (no ring)
                     (no ring)

%: no passive effects
@: invisible
A: almost no armour, amphibious, 8 rings, camouflage 1, gelatinous body 1,
(nimble swimmer 1), tentacles
a: no special abilities


You were on level 6 of the Dungeon.
You visited 2 branches of the dungeon, and saw 7 of its levels.
You also visited: Ossuary.

You collected 424 gold pieces.

Inventory:

Hand Weapons
 a - a +0 war axe (weapon)
Missiles
 o - 12 boomerangs (quivered)
Armour
 n - the +4 tower shield of Polish (worn) {Dex+3}
   (You found it on level 3 of the Dungeon)

   Dex+3:     It affects your dexterity (+3).
Jewellery
 s - a ring of willpower (left tentacle)
 v - a ring of positive energy (right tentacle)
 y - a ring of ice
Talismans
 h - a flux talisman
Wands
 j - a wand of polymorph (8)
 u - a wand of charming (6)
 x - a wand of flame (3)
Scrolls
 b - 2 scrolls of immolation
 d - a scroll of fear {unknown}
 g - 2 scrolls of amnesia
 i - 2 scrolls of butterflies {unknown}
 k - 3 scrolls of teleportation
 m - 2 scrolls of revelation
 z - a scroll of enchant weapon {unknown}
Potions
 c - a potion of brilliance {unknown}
 e - 2 potions of mutation
 f - 2 potions of berserk rage
 l - a potion of magic
 p - a potion of haste {unknown}
 q - 2 potions of lignification
 t - a potion of enlightenment {unknown}
 w - a potion of attraction


   Skills:
 * Level 5.5 Fighting
 + Level 6.7 Axes
 * Level 5.7 Dodging
 + Level 5.6 Stealth
 * Level 6.3 Shields
 * Level 3.0 Evocations
 * Level 3.7 Shapeshifting


You had 8 spell levels left.
You didn't know any spells.
Your spell library contained the following spells:

 Spells                   Type           Power      Damage    Failure   Level
 Shock                    Conj/Air       0%         1d3       92%         1
 Slow                     Hex            0%         N/A       92%         1
 Cigotuvi's Dreadful Rot  Necr/Alch/Air  0%         N/A       98%         2
 Sublimation of Blood     Necr           0%         N/A       98%         2
 Confusing Touch          Hex            0%         N/A       100%        3
 Inner Flame              Hex/Fire       0%         N/A       100%        3
 Swiftness                Air            0%         N/A       100%        3
 Vampiric Draining        Necr           0%         2d6       100%        3
 Airstrike                Air            0%         2d(0-16)  100%        4
 Dispel Undead            Necr           0%         3d6       100%        4
 Martyr's Knell           Necr/Summ      0%         N/A       100%        4
 Petrify                  Alch/Erth      0%         N/A       100%        4
 Irradiate                Conj/Alch      0%         3d11      100%        5
 Dispersal                Tloc           0%         N/A       100%        6
 Gell's Gavotte           Tloc           0%         2d(11-16) 100%        6
 Manifold Assault         Tloc           0%         N/A       100%        7
 Disjunction              Tloc           0%         N/A       100%        8
 Ignition                 Fire           0%         3d3       100%        8


Dungeon Overview and Level Annotations

Branches:
Dungeon (6/15)             Temple (1/1) D:6         Ossuary (visited)

Altars:
Cheibriados
Dithmenos
Elyvilon
Fedhas
Gozag
Kikubaaqudgha
Makhleb
Nemelex Xobeh
Sif Muna
Trog
Uskayaw
Vehumet
Wu Jian
Xom
Yredelemnul
Zin
The Shining One

Shops:
D:3 !

Annotations:
D:3 2 transporters, Gimbap's ghost, amateur DrSh
Temple 4 transporters


Innate Abilities, Weirdness & Mutations

You cannot wear most types of armour.
You are amphibious.
You can wear up to eight rings at the same time.
Your skin changes colour to match your surroundings (Stealth+).
Your rubbery body absorbs attacks. (AC +1, EV +1)
((You are camouflaged when in or above water. (Stealth+)))
You have tentacles for arms and can constrict up to eight enemies at once.


Message History

The orc wizard closely misses you. You block something's attack.
Something hits you.
* * * LOW HITPOINT WARNING * * *
The orc wizard casts a spell at you. The magic dart hits you!
* * * LOW HITPOINT WARNING * * *
You block something's attack.
You slash the orc wizard!
You kill the orc wizard!
You miss something. You barely miss something.
Unknown command.
You feel better. Something hits you but does no damage.
You miss something. Your squeeze misses something. You hit something.
You block something's attack. Something hits you.
* * * LOW HITPOINT WARNING * * *
You block something's attack. Something hits you but does no damage.
You slash something!
Reactivating autopickup.
You feel a bit more experienced.
You barely miss something. Something hits you but does no damage.
Deactivating autopickup; reactivate with Ctrl-A.
You block something's attack.
Things that are here:
a +0 dagger; a +0 robe; an orc corpse
Aiming: Throw Flame
Press: ? - help, Shift-Dir - straight line
Aiming: Throw Flame
Press: ? - help, Shift-Dir - straight line Something hits you.
* * * LOW HITPOINT WARNING * * *
Aiming: Throw Flame
Press: ? - help, Shift-Dir - straight line The puff of flame hits something.
You miss something. Something hits you.
* * * LOW HITPOINT WARNING * * *
You block something's attack.
You slash something! Something hits you.
* * * LOW HITPOINT WARNING * * *
You hit something but do no damage. Something hits you.
You die...

)## ##### ##.# #.. ))# ##...####
#..# #.< #)## #.......### ##.##
#.. ##.#####.........###..# ##.
.....##............#..# #.
..>..................## #<
.....................### ##
.......................###
...............{@........########
##...........).........#....##...
####.........).......#####......
#..PP.............# #......
#........>........# ##......
##.#..#........##..## #.......
#..##........####...###.......
#..#####...### #...##....P♣..
##.## ###.#### ##..#.....♣P..


There were no monsters in sight!

Vanquished Creatures
  Maggie (D:6)
  Eustachio (D:6)
  A steam dragon (D:6)
  An ice beast (D:5)
  A black bear (D:5)
  2 ogres
  A centaur (D:5)
  A phantom (D:5)
  The ghost of diche the Gusty, an amateur DEAE (D:3)
  A bullfrog (D:6)
  5 scorpions
  4 wights (Ossuary)
  A howler monkey (D:5)
  A crimson imp (D:4)
  3 jellies
  A bombardier beetle (D:3)
  4 orc priests
  2 spectral scorpions (Ossuary)
  2 hounds
  A scorpion zombie (D:3)
  2 iguanas (D:4)
  5 orc wizards
  A sleepcap (D:4)
  A crocodile zombie (Ossuary)
  An ogre skeleton (Ossuary)
  A hound zombie (D:3)
  7 mummies
  5 adders
  A white imp (D:6)
  3 ribbon worms (D:2)
  2 dart slugs
  27 orcs
  4 bats
  10 endoplasms
  3 giant cockroaches (D:1)
  12 hobgoblins
  7 jackals
  9 kobolds
  5 quokkas
  5 ball pythons
  4 frilled lizards
  A gnoll skeleton (Ossuary)
  7 goblins
  2 hobgoblin zombies (D:6)
  4 kobold skeletons (Ossuary)
  2 orc skeletons (Ossuary)
  7 rats
  10 spectral rats (Ossuary)
183 creatures vanquished.

Notes
Turn   | Place    | Note
-------+----------+-------------------------------------------
     0 | D:1      | Dorkslayer the Octopode Fighter began the quest for the
                  | Orb.
     0 | D:1      | Reached XP level 1. HP: 16/16 MP: 1/1
    29 | D:1      | Reached XP level 2. HP: 15/21 MP: 2/2
   414 | D:1      | Reached XP level 3. HP: 24/26 MP: 3/3
   891 | D:2      | Reached skill level 1 in Stealth
   917 | D:2      | Reached XP level 4. HP: 17/31 MP: 4/4
  1644 | D:3      | Found a transporter.
  1651 | D:3      | Found a transporter.
  1657 | D:3      | Noticed Gimbap's ghost (amateur DrSh)
  1688 | D:3      | Found Jearor's Distillery.
  1737 | D:3      | Found a runed translucent gate.
  1737 | D:3      | Found a runed translucent gate.
  1737 | D:3      | Found a runed translucent gate.
  1737 | D:3      | Noticed diche's ghost (amateur DEAE)
  1739 | D:3      | Found a basalt altar of Yredelemnul.
  1754 | D:3      | Reached XP level 5. HP: 36/36 MP: 5/5
  2035 | D:3      | Identified the +4 tower shield of Polish {Dex+3}
  2068 | D:3      | Reached XP level 6. HP: 22/42 MP: 6/6
  2279 | D:3      | Found a faded altar of an unknown god.
  2425 | D:3      | Killed diche's ghost
  2426 | D:3      | Reached skill level 1 in Shapeshifting
  2534 | D:4      | You fall into a shaft and drop 2 floors!
  2552 | D:6      | Found a sand-covered staircase.
  2559 | Ossuary  | Entered an ossuary
  2739 | Ossuary  | Reached XP level 7. HP: 47/47 MP: 7/7
  3018 | Ossuary  | Reached skill level 5 in Axes
  3243 | D:6      | Reached XP level 8. HP: 11/54 MP: 8/8
  3468 | D:6      | Found a staircase to the Ecumenical Temple.
  3477 | Temple   | Found a transporter.
  3477 | Temple   | Found a transporter.
  3477 | Temple   | Found a transporter.
  3477 | Temple   | Found a transporter.
  3477 | Temple   | Entered the Ecumenical Temple
  3680 | D:5      | Entered Level 5 of the Dungeon
  4260 | D:4      | Found a radiant altar of Vehumet.
  4261 | D:4      | Found a burning altar of Makhleb.
  4268 | D:4      | Reached skill level 1 in Evocations
  4439 | D:4      | Reached skill level 5 in Dodging
  4840 | D:5      | Reached skill level 5 in Stealth
  4840 | D:5      | Reached skill level 5 in Shields
  4846 | D:5      | Reached skill level 5 in Fighting
  5013 | D:5      | Reached XP level 9. HP: 17/61 MP: 9/9
  5182 | D:5      | Found an ornate altar of the Wu Jian Council.
  5514 | D:6      | Noticed Maggie
  5523 | D:6      | Killed Maggie
  5536 | D:6      | Noticed Eustachio
  5553 | D:6      | Killed Eustachio
  6027 | D:6      | Slain by an orc wizard

Illustrated notes

Levels and vault maps discovered:
D:1:      scummos_arrival_hexagon, layout_loops_corners, skrybe_limestone_x
D:2:      layout_basic, minmay_misc_feat_tower, kennysheep_doodads
D:3:      kennysheep_six_static_rooms, layout_basic,
          nicolae_yredelemnul_ghost_church, serial_shops, shop,
          dilly_ecumenical_altar_fadedgnrine, gammafunk_ghost_stat_death,
          st_stairs_13
D:4:      layout_loops_corners, grunt_temple_overflow_lords_of_destruction,
          kennysheep_generic_room_11
D:5:      layout_gridville, mainiacjoe_overflow_concentric_impassable,
          minmay_misc_feat_ornament
D:6:      layout_cave_pods, minmay_temple_entry_drinking_statues, serial_park,
          serial_park_tiny_2, serial_park_gazebo [serial_park_minivault_5x5_3],
          serial_park_tiny_1, nicolae_ossuary_entry_giza, uniq_maggie,
          uniq_eustachio
Temple:   hellmonk_temple_divided_pantheon

Skill      XL: |  1  2  3  4  5  6  7  8  9 |
---------------+----------------------------+-----
Stealth        | 1 2 3 5 |  5.6
Axes           | 3 4 5 6 |  6.7
Shapeshifting  | 1 2 3 |  3.7
Dodging        | 4 5 |  5.7
Shields        | 4 5 6 |  6.3
Fighting       | 4 5 |  5.5
Evocations     | 1 3 |  3.0

Action                     |  1- 3 |  4- 6 |  7- 9 || total
---------------------------+-------+-------+-------++-------
  Melee: War axe           |    56 |   116 |   229 ||   401
         Tentacles         |     5 |    23 |    59 ||    87
         Constrict         |    12 |    33 |    42 ||    87
  Evoke: Wand              |       |       |     7 ||     7
    Use: Scroll            |     3 |     8 |     3 ||    14
         Potion            |       |     4 |     9 ||    13
   Stab: Sleeping          |     4 |     5 |    19 ||    28
         Invisible         |       |       |     2 ||     2
         Distracted        |       |       |     2 ||     2
 Armour: Skin              |    29 |    51 |    90 ||   170
  Dodge: Dodged            |    38 |    40 |    41 ||   119
  Block: Buckler           |    16 |    20 |       ||    36
         Tower shield      |       |    35 |   167 ||   202

Table legend: (Time is in decaauts)
 A = Elapsed time spent in this place.
 B = Non-inter-level travel time spent in this place.
 C = Inter-level travel time spent in this place.
 D = Time resting spent in this place.
 E = Time spent auto-exploring this place.
 F = Levels seen in this place.
 G = Mean time per level.
                   A        B        C        D        E       F      G
               +--------+--------+--------+--------+--------+-----+--------+
         Total |   6225 |   6225 |      0 |    175 |   3247 |   8 |  778.1 |
       Dungeon |   5564 |   5564 |      0 |     75 |   3089 |   6 |  927.3 |
        Temple |     23 |     23 |      0 |      0 |      0 |   1 |   23.0 |
       Ossuary |    637 |    637 |      0 |    100 |    158 |   1 |  637.0 |
               +--------+--------+--------+--------+--------+-----+--------+

Top non-repeatable levels by time:
     D:6: 1121 daAuts
     D:4: 1074 daAuts
     D:3: 912 daAuts
     D:1: 887 daAuts
     D:5: 808 daAuts
     D:2: 760 daAuts
 Ossuary: 637 daAuts
  Temple: 23 daAuts
